Workbook
Name Expenses: Haushalt!$B$20:$B$61
Name Income: Haushalt!$B$10:$B$16

Sheet Haushalt
B1: Persönliches Budget
E2: © 2011 exceltabelle.com - Besuch exceltabelle.com für mehrere Vorlagen und Updates
B3: Name | C3: John Dieter
B4: Month | C4: Januar
B6: Einnahmen vs Ausgaben | C6: =C17-C62 -> 0 | D6: =D17-D62 -> 0 | E6: =E17-E62 -> 0
C8: Haushalt | D8: Tatsächlich | E8: Differenz
B9: Einnahmen
B10: Gehalt | D10: =SUMIF('Taglich Einnahmen Ausgaben'!$G$9:$G$33,Haushalt!B10,'Taglich Einnahmen Ausgaben'!$I$9:$I$33) -> 0 | E10: =D10-C10 -> 0
B11: Zinsen | D11: =SUMIF('Taglich Einnahmen Ausgaben'!$G$9:$G$33,Haushalt!B11,'Taglich Einnahmen Ausgaben'!$I$9:$I$33) -> 0 | E11: =D11-C11 -> 0
B12: Bonus | D12: =SUMIF('Taglich Einnahmen Ausgaben'!$G$9:$G$33,Haushalt!B12,'Taglich Einnahmen Ausgaben'!$I$9:$I$33) -> 0 | E12: =D12-C12 -> 0
B13: Sonstige Erträge | D13: =SUMIF('Taglich Einnahmen Ausgaben'!$G$9:$G$33,Haushalt!B13,'Taglich Einnahmen Ausgaben'!$I$9:$I$33) -> 0 | E13: =D13-C13 -> 0
D14: =SUMIF('Taglich Einnahmen Ausgaben'!$G$9:$G$33,Haushalt!B14,'Taglich Einnahmen Ausgaben'!$I$9:$I$33) -> 0 | E14: =D14-C14 -> 0
D15: =SUMIF('Taglich Einnahmen Ausgaben'!$G$9:$G$33,Haushalt!B15,'Taglich Einnahmen Ausgaben'!$I$9:$I$33) -> 0 | E15: =D15-C15 -> 0
D16: =SUMIF('Taglich Einnahmen Ausgaben'!$G$9:$G$33,Haushalt!B16,'Taglich Einnahmen Ausgaben'!$I$9:$I$33) -> 0 | E16: =D16-C16 -> 0
B17: Summe | C17: =SUM(C10:C16) -> 0 | D17: =SUM(D10:D16) -> 0 | E17: =SUM(E10:E16) -> 0
B19: Ausgaben
B20: Telefon | D20: =SUMIF('Taglich Einnahmen Ausgaben'!$B$9:$B$121,Haushalt!B20,'Taglich Einnahmen Ausgaben'!$D$9:$D$121) -> 0 | E20: =C20-D20 -> 0
B21: Elektrizität | D21: =SUMIF('Taglich Einnahmen Ausgaben'!$B$9:$B$121,Haushalt!B21,'Taglich Einnahmen Ausgaben'!$D$9:$D$121) -> 0 | E21: =C21-D21 -> 0
B22: Gas | D22: =SUMIF('Taglich Einnahmen Ausgaben'!$B$9:$B$121,Haushalt!B22,'Taglich Einnahmen Ausgaben'!$D$9:$D$121) -> 0 | E22: =C22-D22 -> 0
B23: Wasser | D23: =SUMIF('Taglich Einnahmen Ausgaben'!$B$9:$B$121,Haushalt!B23,'Taglich Einnahmen Ausgaben'!$D$9:$D$121) -> 0 | E23: =C23-D23 -> 0
B24: Lebensmittel | D24: =SUMIF('Taglich Einnahmen Ausgaben'!$B$9:$B$121,Haushalt!B24,'Taglich Einnahmen Ausgaben'!$D$9:$D$121) -> 0 | E24: =C24-D24 -> 0
B25: Hypothek/Miete | D25: =SUMIF('Taglich Einnahmen Ausgaben'!$B$9:$B$121,Haushalt!B25,'Taglich Einnahmen Ausgaben'!$D$9:$D$121) -> 0 | E25: =C25-D25 -> 0
B26: Kinderbetreuung | D26: =SUMIF('Taglich Einnahmen Ausgaben'!$B$9:$B$121,Haushalt!B26,'Taglich Einnahmen Ausgaben'!$D$9:$D$121) -> 0 | E26: =C26-D26 -> 0
B27: Aktivitäten für Kinder | D27: =SUMIF('Taglich Einnahmen Ausgaben'!$B$9:$B$121,Haushalt!B27,'Taglich Einnahmen Ausgaben'!$D$9:$D$121) -> 0 | E27: =C27-D27 -> 0
B28: Gesundheit / Medizin | D28: =SUMIF('Taglich Einnahmen Ausgaben'!$B$9:$B$121,Haushalt!B28,'Taglich Einnahmen Ausgaben'!$D$9:$D$121) -> 0 | E28: =C28-D28 -> 0
B29: Essen und Trinken | D29: =SUMIF('Taglich Einnahmen Ausgaben'!$B$9:$B$121,Haushalt!B29,'Taglich Einnahmen Ausgaben'!$D$9:$D$121) -> 0 | E29: =C29-D29 -> 0
B30: Zeitschriften / Bücher | D30: =SUMIF('Taglich Einnahmen Ausgaben'!$B$9:$B$121,Haushalt!B30,'Taglich Einnahmen Ausgaben'!$D$9:$D$121) -> 0 | E30: =C30-D30 -> 0
B31: Bekleidung | D31: =SUMIF('Taglich Einnahmen Ausgaben'!$B$9:$B$121,Haushalt!B31,'Taglich Einnahmen Ausgaben'!$D$9:$D$121) -> 0 | E31: =C31-D31 -> 0
... B57: Verschiedenes | D57: =SUMIF('Taglich Einnahmen Ausgaben'!$B$9:$B$121,Haushalt!B57,'Taglich Einnahmen Ausgaben'!$D$9:$D$121) -> 0 | E57: =C57-D57 -> 0
D58: =SUMIF('Taglich Einnahmen Ausgaben'!$B$9:$B$121,Haushalt!B58,'Taglich Einnahmen Ausgaben'!$D$9:$D$121) -> 0 | E58: =C58-D58 -> 0
D59: =SUMIF('Taglich Einnahmen Ausgaben'!$B$9:$B$121,Haushalt!B59,'Taglich Einnahmen Ausgaben'!$D$9:$D$121) -> 0 | E59: =C59-D59 -> 0
D60: =SUMIF('Taglich Einnahmen Ausgaben'!$B$9:$B$121,Haushalt!B60,'Taglich Einnahmen Ausgaben'!$D$9:$D$121) -> 0 | E60: =C60-D60 -> 0
D61: =SUMIF('Taglich Einnahmen Ausgaben'!$B$9:$B$121,Haushalt!B61,'Taglich Einnahmen Ausgaben'!$D$9:$D$121) -> 0 | E61: =C61-D61 -> 0
B62: Summe | C62: =SUM(C20:C61) -> 0 | D62: =SUM(D20:D61) -> 0 | E62: =SUM(E20:E61) -> 0

Sheet Taglich Einnahmen Ausgaben
A1: Täglich Einnahmen und Ausgaben
I2: © 2011 exceltabelle.com - Besuch exceltabelle.com für mehrere Vorlagen und Updates
A3: Name : | B3: =Haushalt!C3 -> John Dieter | F3: Total Einnahmen : | H3: =SUM(I9:I33) -> 0
A4: Monat : | B4: =Haushalt!C4 -> Januar | F4: Total Ausgaben : | H4: =SUM(D9:D121) -> 0
F5: Differenz : | H5: =H3-H4 -> 0
A7: Ausgaben | F7: Einnahmen
A8: Datum | B8: Haushaltsposten | C8: Beschreibung | D8: Betrag | F8: Date | G8: Haushaltsposten | H8: Beschreibung | I8: Betrag
